 Dungeon Crawl Stone Soup version 0.30-a0-800-g7c544603b3 (webtiles) character file.

Game seed: 16647951713931530463

170 retardedninja the Shield-Bearer (level 5, -2/47 HPs)
             Began as a Gnoll Fighter on Feb 22, 2023.
             Slain by a two-headed ogre
             ... wielding a +0 giant club
              (10 damage)
             ... on level 4 of the Dungeon.
             The game lasted 00:04:06 (3108 turns).

retardedninja the Shield-Bearer (Gnoll Fighter)     Turns: 3108, Time: 00:04:07

Health: -2/47      AC: 12    Str: 17    XL:     5   Next: 51%
Magic:  7/7        EV:  7    Int:  8    God:
Gold:   136        SH:  5    Dex: 11    Spells: 7/7 levels left

rFire   . . .      SeeInvis .    a - +0 war axe
rCold   . . .      Faith    .    c - +0 buckler
rNeg    . . .      Spirit   .    k - +0 chain mail
rPois   .          Reflect  .    v - +1 hat
rElec   .          Harm     .    (no cloak)
rCorr   .          Rampage  .    (no gloves)
Will    .....                    o - +0 pair of boots Stlth
                                 (no amulet)
HPRegen 0.27/turn                (no ring)
MPRegen 0.10/turn                (no ring)

@: no status effects
A: fangs 1, strong nose, distributed training
a: no special abilities


You were on level 4 of the Dungeon.
You visited 1 branch of the dungeon, and saw 4 of its levels.

You collected 136 gold pieces.

Inventory:

Hand Weapons
 a - a +0 war axe (weapon)
Missiles
 A - 2 throwing nets (quivered)
Armour
 c - a +0 buckler (worn)
 k - a +0 chain mail (worn)
 o - a +0 pair of boots (worn)
 v - a +1 hat (worn)
Wands
 s - a wand of quicksilver (8)
Scrolls
 b - 2 scrolls of fog {unknown}
 e - a scroll of enchant weapon {unknown}
 g - a scroll of brand weapon {unknown}
 j - a scroll of vulnerability {unknown}
 l - 3 scrolls of magic mapping {unknown}
 m - 2 scrolls of fear {unknown}
 p - 4 scrolls of noise {unknown}
 q - a scroll of torment {unknown}
 t - a scroll of poison {unknown}
 w - a scroll of identify {unknown}
 y - a scroll of immolation {unknown}
Potions
 d - a potion of might
 h - a potion of heal wounds {unknown}
 i - 2 potions of lignification {unknown}
 n - a potion of berserk rage {unknown}
 r - 2 potions of degeneration {unknown}
 u - a potion of resistance {unknown}
 x - 2 potions of attraction {unknown}
 z - a potion of brilliance {unknown}


   Skills:
 + Level 6.7 Fighting
 + Level 1.6 Short Blades
 + Level 1.6 Long Blades
 + Level 4.8 Axes
 + Level 1.6 Maces & Flails
 + Level 1.6 Polearms
 + Level 1.6 Staves
 + Level 1.6 Ranged Weapons
 + Level 1.6 Throwing
 + Level 6.7 Armour
 + Level 1.6 Dodging
 + Level 1.6 Stealth
 + Level 6.7 Shields
 + Level 1.6 Unarmed Combat
 + Level 1.6 Spellcasting
 + Level 1.2 Conjurations
 + Level 1.2 Hexes
 + Level 1.2 Summonings
 + Level 1.2 Necromancy
 + Level 1.2 Translocations
 + Level 1.2 Transmutations
 + Level 1.2 Fire Magic
 + Level 1.2 Ice Magic
 + Level 1.2 Air Magic
 + Level 1.2 Earth Magic
 + Level 1.2 Poison Magic
 + Level 1.8 Invocations
 + Level 1.6 Evocations


You had 7 spell levels left.
You didn't know any spells.
Your spell library contained the following spells:

 Spells                   Type           Power      Damage    Failure   Level
 Freeze                   Ice            8%         1d3       97%         1
 Frozen Ramparts          Ice            4%         1d1       100%        3
 Hailstorm                Conj/Ice       2%         3d3       100%        3


Dungeon Overview and Level Annotations

Branches:
Dungeon (4/15)
 Temple: D:4-7

Altars:

Shops:
D:2 ?


Innate Abilities, Weirdness & Mutations

You have very sharp teeth.
Your uncanny sense of smell can sniff out nearby items.
Your experience applies equally to all skills.


Message History

You closely miss the adder.
The adder is severely wounded.
You slash the goblin!
You kill the goblin!
You feel sick. The adder bites you.
You are more poisoned.
The adder poisons you! You block the adder's attack.
You hit the adder.
You kill the adder!
You feel sick.
You slash the two-headed ogre!
The two-headed ogre is lightly wounded.
You feel sick.
The two-headed ogre barely misses you. x2
You closely miss the two-headed ogre.
The two-headed ogre is lightly wounded.
You feel sick.
The two-headed ogre hits you with a +0 giant club!!
Ouch! That really hurt!
* * * LOW HITPOINT WARNING * * *
The two-headed ogre hits you with a +0 dire flail!
* * * LOW HITPOINT WARNING * * *
You are too injured to fight recklessly!
You are too injured to fight recklessly!
You are too injured to fight recklessly!
You are too injured to fight recklessly!
You are too injured to fight recklessly!
You are too injured to fight recklessly!
It was a potion of curing.
You feel better.
The two-headed ogre completely misses you.
The two-headed ogre hits you but does no damage.
Okay, then.
You feel better. The two-headed ogre closely misses you.
The two-headed ogre hits you with a +0 dire flail!
* * * LOW HITPOINT WARNING * * *
You feel better.
The two-headed ogre hits you with a +0 giant club.
* * * LOW HITPOINT WARNING * * *
The two-headed ogre hits you with a +0 dire flail!
You die...

....#.... ........#
......#.# ........#
......>.. ........# ∆
# ........# #.##
......O@# #.##
#####'#.# #.## ..
#.#####+###+###.## ##
#...............##
#...............##
##..............##
#####.............g))
#.................#.#
#..............g..#.#


You could see a two-headed ogre.

Vanquished Creatures
  7 gnolls
  6 adders
  3 dart slugs
  An orc (D:4)
  7 endoplasms
  3 goblins
  2 hobgoblins
  A jackal (D:1)
  3 kobolds
  2 quokkas (D:2)
  2 ball pythons
  5 bats
  4 frilled lizards
  4 rats
50 creatures vanquished.

Vanquished Creatures (others)
  2 plants (D:1)
2 creatures vanquished.

Grand Total: 52 creatures vanquished

Notes
Turn   | Place    | Note
-------+----------+-------------------------------------------
     0 | D:1      | retardedninja the Gnoll Fighter began the quest for the
                  | Orb.
     0 | D:1      | Reached XP level 1. HP: 23/23 MP: 1/1
   124 | D:1      | You fall into a shaft and drop 1 floor!
   194 | D:1      | Reached XP level 2. HP: 29/29 MP: 2/2
   546 | D:1      | Found a faded altar of an unknown god.
   981 | D:2      | Reached XP level 3. HP: 27/35 MP: 2/4
  1000 | D:2      | Reached skill level 1 in Invocations
  1053 | D:2      | Reached skill level 1 in Short Blades
  1053 | D:2      | Reached skill level 1 in Long Blades
  1053 | D:2      | Reached skill level 1 in Maces & Flails
  1053 | D:2      | Reached skill level 1 in Polearms
  1053 | D:2      | Reached skill level 1 in Staves
  1053 | D:2      | Reached skill level 1 in Ranged Weapons
  1053 | D:2      | Reached skill level 1 in Throwing
  1053 | D:2      | Reached skill level 1 in Dodging
  1053 | D:2      | Reached skill level 1 in Stealth
  1053 | D:2      | Reached skill level 1 in Unarmed Combat
  1053 | D:2      | Reached skill level 1 in Spellcasting
  1053 | D:2      | Reached skill level 1 in Evocations
  1234 | D:2      | Reached XP level 4. HP: 41/41 MP: 5/5
  1545 | D:2      | Found Poaxteh's Magic Scroll Shop.
  1687 | D:3      | Identified the +0 ring mail of Dishonesty {rN+ Str+5}
  1717 | D:3      | Reached skill level 1 in Conjurations
  1717 | D:3      | Reached skill level 1 in Hexes
  1717 | D:3      | Reached skill level 1 in Summonings
  1717 | D:3      | Reached skill level 1 in Necromancy
  1717 | D:3      | Reached skill level 1 in Translocations
  1717 | D:3      | Reached skill level 1 in Transmutations
  1717 | D:3      | Reached skill level 1 in Fire Magic
  1717 | D:3      | Reached skill level 1 in Ice Magic
  1717 | D:3      | Reached skill level 1 in Air Magic
  1717 | D:3      | Reached skill level 1 in Earth Magic
  1717 | D:3      | Reached skill level 1 in Poison Magic
  2336 | D:4      | Reached XP level 5. HP: 47/47 MP: 7/7
  3097 | D:4      | Noticed a two-headed ogre
  3104 | D:4      | HP: 1/47 [two-headed ogre/+0 giant club (7)]
  3108 | D:4      | Slain by a two-headed ogre

Illustrated notes

Levels and vault maps discovered:
D:1:      erik_arrival_cave_to_civilisation [erik_arrival_cave_to_hall],
          layout_basic, basic_ecumenical_altar, serial_forest,
          infiniplex_forest_end_1, infiniplex_forest_clump_small,
          infiniplex_forest_zigzag_2, infiniplex_forest_zigzag_1,
          infiniplex_forest_lined_3, infiniplex_forest_straight_4,
          infiniplex_forest_end_3, infiniplex_forest_straight_4, st_stairs_10,
          minmay_liquid_box
D:2:      layout_basic, serial_shops, nicolae_diamond_shop
D:3:      layout_loops_cross, minmay_misc_feat_encased
D:4:      layout_basic, mainiacjoe_overflow_chevrons

Skill      XL: |  1  2  3  4 |
---------------+-------------+-----
Invocations    | 1 |  1.8
Short Blades   | 1 |  1.6
Long Blades    | 1 |  1.6
Maces & Flails | 1 |  1.6
Polearms       | 1 |  1.6
Staves         | 1 |  1.6
Ranged Weapons | 1 |  1.6
Throwing       | 1 |  1.6
Dodging        | 1 |  1.6
Stealth        | 1 |  1.6
Unarmed Combat | 1 |  1.6
Spellcasting   | 1 |  1.6
Evocations     | 1 |  1.6
Conjurations   | 1 |  1.2
Hexes          | 1 |  1.2
Summonings     | 1 |  1.2
Necromancy     | 1 |  1.2
Translocations | 1 |  1.2
Transmutations | 1 |  1.2
Fire Magic     | 1 |  1.2
Ice Magic      | 1 |  1.2
Air Magic      | 1 |  1.2
Earth Magic    | 1 |  1.2
Poison Magic   | 1 |  1.2
Fighting       | |  6.7
Axes           | |  4.8
Armour         | |  6.7
Shields        | |  6.7

Action                     |  1- 3 |  4- 6 || total
---------------------------+-------+-------++-------
  Melee: War axe           |    74 |   104 ||   178
         Bite              |     9 |    11 ||    20
    Use: Potion            |       |     3 ||     3
 Armour: Scale mail        |    20 |       ||    20
         Chain mail        |    22 |    70 ||    92
  Dodge: Dodged            |    25 |    54 ||    79
  Block: Buckler           |    30 |    39 ||    69

Table legend: (Time is in decaauts)
 A = Elapsed time spent in this place.
 B = Non-inter-level travel time spent in this place.
 C = Inter-level travel time spent in this place.
 D = Time resting spent in this place.
 E = Time spent auto-exploring this place.
 F = Levels seen in this place.
 G = Mean time per level.
                   A        B        C        D        E       F      G
               +--------+--------+--------+--------+--------+-----+--------+
         Total |   3164 |   3057 |    107 |    537 |   1896 |   4 |  791.0 |
       Dungeon |   3164 |   3057 |    107 |    537 |   1896 |   4 |  791.0 |
               +--------+--------+--------+--------+--------+-----+--------+

Top non-repeatable levels by time:
     D:3: 1254 daAuts
     D:1: 910 daAuts
     D:2: 726 daAuts
     D:4: 272 daAuts
